Sabres vs Jets

Created - February 11, 2015 at 18:07

Goals
1 2 3 T
Sabres 3 0 0 3
Jets 1 0 0 1
Shots
1 2 3 T
Sabres 9 5 9 23
Jets 7 8 17 32

1st period

1. Jets , Joe Pavelski 38 (Anders Lee, Corey Perry) at 6:43 (PP)
2. Sabres , Paul Byron 13 (Braydon Coburn, Josh Gorges) at 11:18
3. Sabres , Jordan Staal 14 (Brayden Schenn, Oliver Ekman-Larsson) at 13:49
4. Sabres , Francois Beauchemin 7 (Oliver Ekman-Larsson) at 17:22 (PP)

Penalties :
Radko Gudas (WPG) for Hooking (Minor) at 1:43, Kyle Turris (BUF) for Holding (Minor) at 5:29, Brayden Schenn (BUF) for Hooking (Minor) at 7:05, Radko Gudas (WPG) for Hooking (Minor) at 11:49, Chris Kunitz (WPG) for High sticking (Minor) at 15:26

2nd period

No Goal

Penalties :
Josh Gorges (BUF) for Interference (Minor) at 16:23

3rd period

No Goal

Penalties :
Kyle Turris (BUF) for Roughing (Minor) at 5:20, Kyle Turris (BUF) for Holding (Minor) at 9:53, Tomas Plekanec (WPG) for High sticking (Minor) at 16:13

Goalie Stats

Ondrej Pavelec (BUF), 31 saves from 32 shots - (0.969), W, 22-16-2, 60:00 minutes
Cory Schneider (WPG), 4 saves from 7 shots - (0.571), L, 26-13-1, 17:22 minutes
Tim Thomas (WPG), 16 saves from 16 shots - (1.000), 42:38 minutes

Players Stats for Sabres

Player Name              G  A  P  +/- PIM S  H  SB GA TA FO     MP     PP MP  PK MP  
------------------------------------------------------------------------------------
Brad Boyes               0  0  0   0  0   2  0  0  0  0  0/2    12:22   0:00   0:50 
Brayden Schenn           0  1  1   0  2   4  1  0  0  0  0/0    14:57   3:23   0:03 
Braydon Coburn           0  1  1   1  0   1  1  0  0  0  0/0    18:52   3:30   0:00 
Daniel Winnik            0  0  0   1  0   0  2  0  0  0  1/1    12:03   0:00   6:07 
Francois Beauchemin      1  0  1   0  0   3  1  1  0  0  0/0    23:48   4:23   4:45 
Grant Clitsome           0  0  0   1  0   0  3  1  0  0  0/0    17:20   0:00   4:25 
Jason Pominville         0  0  0   0  0   1  0  0  0  0  1/2    21:03   4:30   0:00 
Johnny Oduya             0  0  0   1  0   0  0  1  0  0  0/0    14:04   0:00   1:09 
Jonathan Huberdeau       0  0  0   1  0   0  1  1  0  0  2/4     5:56   0:00   0:00 
Jordan Staal             1  0  1   0  0   1  1  1  0  0  13/20  17:55   3:23   3:00 
Josh Gorges              0  1  1   1  2   0  2  1  0  0  0/0    20:10   3:30   3:16 
Kris Versteeg            0  0  0   1  0   0  0  0  0  0  0/1     8:56   0:00   3:00 
Kyle Turris              0  0  0   0  6   1  1  0  0  0  15/23  21:00   4:30   0:00 
Nino Niederreiter        0  0  0   1  0   0  1  0  0  0  0/0    12:19   3:23   0:00 
Oliver Ekman-Larsson     0  2  2   0  0   2  1  4  0  0  0/0    25:45   4:23   4:45 
Paul Byron               1  0  1   1  0   3  0  0  0  0  0/0     8:56   0:00   0:00 
Paul Gaustad             0  0  0   1  0   0  3  0  0  0  9/26   14:16   0:00   5:20 
Thomas Vanek             0  0  0   0  0   5  2  0  0  0  1/1    21:03   4:30   0:00 

Players Stats for Jets

Player Name              G  A  P  +/- PIM S  H  SB GA TA FO     MP     PP MP  PK MP  
------------------------------------------------------------------------------------
Alexander Edler          0  0  0  -1  0   0  0  0  0  0  0/0     6:17   1:04   0:00 
Anders Lee               0  1  1  -2  0   5  6  0  0  0  0/1    22:47   5:05   1:16 
Boyd Gordon              0  0  0   0  0   2  0  0  0  0  3/5     4:04   0:00   0:20 
Brett Bellemore          0  0  0   0  0   0  1  0  0  0  0/0     9:49   1:17   1:41 
Carl Hagelin             0  0  0   0  0   1  0  0  0  0  0/1    10:21   0:00   1:49 
Chris Kunitz             0  0  0   0  2   1  4  0  0  0  2/3    18:53   3:58   0:00 
Christian Ehrhoff        0  0  0  -1  0   1  0  0  0  0  0/0    22:05   4:05   0:38 
Connor Murphy            0  0  0  -1  0   1  5  1  0  0  0/0    24:22   5:05   4:18 
Corey Perry              0  1  1  -2  0   0  0  0  0  0  0/0    21:38   5:12   0:00 
Jamie Benn               0  0  0   0  0   5  6  1  0  0  7/19   21:34   3:58   3:21 
Joe Pavelski             1  0  1  -2  0   6  0  0  0  0  18/37  21:38   5:12   0:00 
Jonathan Ericsson        0  0  0   0  0   1  4  1  0  0  0/0    20:41   1:44   3:35 
Josh Bailey              0  0  0   0  0   2  0  0  0  0  2/2    15:22   3:58   0:00 
Kimmo Timonen            0  0  0  -1  0   2  0  0  0  0  0/0    23:39   5:05   3:35 
Nick Bonino              0  0  0   0  0   2  0  0  0  0  0/0    14:22   0:07   0:00 
Pascal Dupuis            0  0  0   0  0   1  0  0  0  0  0/1     8:59   0:00   5:04 
Radko Gudas              0  0  0   0  4   1  1  0  0  0  0/0    13:05   0:00   1:59 
Tomas Plekanec           0  0  0   0  2   1  1  0  0  0  6/11   12:27   0:00   3:56 

3 Stars

1 - Ondrej Pavelec (BUF)
2 - Oliver Ekman-Larsson (BUF)
3 - Paul Byron (BUF)

Power Play

Sabres - 1 on 4 Attempt(s) - 25.00%
Jets - 1 on 5 Attempt(s) - 20.00%

Penalty Kill

Sabres - 4 on 5 Attempt(s) - 80.00% - Score 0 goal in Penalty Kill
Jets - 3 on 4 Attempt(s) - 75.00% - Score 0 goal in Penalty Kill

Team Stat

Sabres - Hits : 20 - Faceoff Wins : 42 - Blocked Shots : 10 - Penalty Minutes : 10
Jets - Hits : 28 - Faceoff Wins : 38 - Blocked Shots : 3 - Penalty Minutes : 8

Official

Referees : Dave Jackson and Eric Furlatt
Linesman : Mark Wheler and Ryan Galloway

Game Notes

Tim Thomas enters game at 17:22 of 1st period
Alexander Edler is injured at 18:02 of 1st period (Sore Right Knee)

Finance

Level 1 -- Attendance: 6000 (100.00%) -- Ticket Income $588,000
Level 2 -- Attendance: 4700 (94.00%) -- Ticket Income $361,900
Level 3 -- Attendance: 2200 (100.00%) -- Ticket Income $158,400
Level 4 -- Attendance: 1015 (100.00%) -- Ticket Income $66,990
Luxury Box -- Attendance: 722 (90.25%) -- Ticket Income $166,060
Game was played at the MTS Center'
Total Attendance: 14637 (97.48%)
Total Ticket Income: $1,341,350
Other Income: $201,202
Total Income: $1,542,552

% Time on Ice - Sabres

Lines # - Real PCT - Wanted PCT - Time Play
Normal Forward
1 - 39% - 40% - 16:33
2 - 27% - 30% - 11:32
3 - 21% - 20% - 8:56
4 - 14% - 10% - 5:56
Normal Defense
1 - 34% - 40% - 14:40
2 - 31% - 30% - 13:25
3 - 30% - 20% - 12:55
4 - 5% - 10% - 1:57
PP Forward
1 - 57% - 60% - 4:30
2 - 43% - 40% - 3:23
PP Defense
1 - 56% - 60% - 4:23
2 - 44% - 40% - 3:30
PK Forward
1 - 67% - 60% - 6:10
2 - 33% - 40% - 3:00
PK Defense
1 - 52% - 60% - 4:45
2 - 48% - 40% - 4:25
PK3 Forward
1 - 0% - 60%
2 - 0% - 40%
PK3 Defense
1 - 0% - 60%
2 - 0% - 40%
44 Forward
1 - 0% - 60%
2 - 0% - 40%
44 Defense
1 - 0% - 60%
2 - 0% - 40%
Last Minute Offensive  - 0:00
Last Minute Defensive  - 0:00
Total
Forward - 60:00
Defense - 60:00

% Time on Ice - Jets

Lines # - Real PCT - Wanted PCT - Time Play
Normal Forward
1 - 38% - 40% - 16:26
2 - 33% - 31% - 14:15
3 - 20% - 19% - 8:32
4 - 9% - 10% - 3:44
Normal Defense
1 - 35% - 40% - 14:59
2 - 44% - 34% - 18:52
3 - 13% - 16% - 5:41
4 - 8% - 10% - 3:25
PP Forward
1 - 57% - 70% - 5:12
2 - 43% - 30% - 3:58
PP Defense
1 - 55% - 70% - 5:05
2 - 45% - 30% - 4:05
PK Forward
1 - 96% - 75% - 7:33
2 - 4% - 25% - 0:20
PK Defense
1 - 45% - 60% - 3:35
2 - 55% - 40% - 4:18
PK3 Forward
1 - 0% - 70%
2 - 0% - 30%
PK3 Defense
1 - 0% - 60%
2 - 0% - 40%
44 Forward
1 - 0% - 60%
2 - 0% - 40%
44 Defense
1 - 0% - 51%
2 - 0% - 49%
Last Minute Offensive  - 0:00
Last Minute Defensive  - 0:00
Total
Forward - 60:00
Defense - 60:00

Play by Play

1st period


0:01 of 1st period - Kyle Turris wins face-off versus Anders Lee in neutral zone.
0:04 of 1st period - Corey Perry is hit by Thomas Vanek and loses puck.
0:33 of 1st period - Shot by Joe Pavelski.
0:33 of 1st period - Stopped by Ondrej Pavelec without a rebound.
0:34 of 1st period - Jordan Staal wins face-off versus Jamie Benn in Sabres zone.
0:34 of 1st period - Jordan Staal is hit by Chris Kunitz.
1:16 of 1st period - Shot by Brayden Schenn.
1:16 of 1st period - Shot Blocked by Jamie Benn.
1:19 of 1st period - Icing by Christian Ehrhoff.
1:20 of 1st period - Chris Kunitz wins face-off versus Paul Gaustad in Jets zone.
1:38 of 1st period - Icing by Grant Clitsome.
1:39 of 1st period - Josh Bailey wins face-off versus Paul Gaustad in Sabres zone.
1:43 of 1st period - Minor Penalty to Radko Gudas for Hooking.
1:44 of 1st period - Tomas Plekanec wins face-off versus Kyle Turris in Jets zone.
2:05 of 1st period - Shot by Francois Beauchemin.
2:05 of 1st period - Stopped by Cory Schneider without a rebound.
2:06 of 1st period - Jordan Staal wins face-off versus Pascal Dupuis in Jets zone.
5:29 of 1st period - Minor Penalty to Kyle Turris for Holding.
5:30 of 1st period - Daniel Winnik wins face-off versus Joe Pavelski in Sabres zone.
5:43 of 1st period - Shot by Joe Pavelski.
5:43 of 1st period - Shot Misses the Net.
5:45 of 1st period - Shot by Joe Pavelski.
5:45 of 1st period - Shot Blocked by Grant Clitsome.
5:47 of 1st period - Shot by Joe Pavelski.
5:47 of 1st period - Stopped by Ondrej Pavelec without a rebound.
5:48 of 1st period - Joe Pavelski wins face-off versus Paul Gaustad in Sabres zone.
5:56 of 1st period - Shot by Connor Murphy.
5:56 of 1st period - Shot Blocked by Oliver Ekman-Larsson.
5:58 of 1st period - Shot by Anders Lee.
5:58 of 1st period - Stopped by Ondrej Pavelec without a rebound.
5:59 of 1st period - Jamie Benn wins face-off versus Paul Gaustad in Sabres zone.
6:13 of 1st period - Icing by Connor Murphy.
6:14 of 1st period - Jordan Staal wins face-off versus Jamie Benn in Jets zone.
6:17 of 1st period - Shot by Francois Beauchemin.
6:17 of 1st period - Stopped by Cory Schneider without a rebound.
6:18 of 1st period - Joe Pavelski wins face-off versus Paul Gaustad in Jets zone.
6:41 of 1st period - Shot by Joe Pavelski.
6:41 of 1st period - Deflect By Anders Lee.
6:41 of 1st period - Shot Misses the Net.
6:43 of 1st period - Shot by Joe Pavelski.
6:43 of 1st period - Goal by Joe Pavelski - Sabres : 0 - Jets : 1.
6:44 of 1st period - Kyle Turris wins face-off versus Tomas Plekanec in neutral zone.
7:04 of 1st period - Off-side.
7:05 of 1st period - Joe Pavelski wins face-off versus Brad Boyes in neutral zone.
7:05 of 1st period - Minor Penalty to Brayden Schenn for Hooking.
7:06 of 1st period - Joe Pavelski wins face-off versus Paul Gaustad in Sabres zone.
7:23 of 1st period - Shot by Joe Pavelski.
7:23 of 1st period - Shot Misses the Net.
7:33 of 1st period - Shot by Joe Pavelski.
7:33 of 1st period - Shot Misses the Net.
7:35 of 1st period - Shot by Connor Murphy.
7:35 of 1st period - Stopped by Ondrej Pavelec with a rebound.
7:37 of 1st period - Shot by Kimmo Timonen.
7:37 of 1st period - Stopped by Ondrej Pavelec without a rebound.
7:38 of 1st period - Jamie Benn wins face-off versus Jordan Staal in Sabres zone.
7:47 of 1st period - Shot by Chris Kunitz.
7:47 of 1st period - Stopped by Ondrej Pavelec without a rebound.
7:48 of 1st period - Jamie Benn wins face-off versus Paul Gaustad in Sabres zone.
8:14 of 1st period - Off-side.
8:15 of 1st period - Joe Pavelski wins face-off versus Jordan Staal in neutral zone.
9:52 of 1st period - Icing by Oliver Ekman-Larsson.
9:53 of 1st period - Kyle Turris wins face-off versus Jamie Benn in Sabres zone.
9:53 of 1st period - Kyle Turris is hit by Chris Kunitz.
10:56 of 1st period - Shot by Joe Pavelski.
10:56 of 1st period - Shot Blocked by Jordan Staal.
11:08 of 1st period - Icing by Kimmo Timonen.
11:09 of 1st period - Paul Gaustad wins face-off versus Joe Pavelski in Jets zone.
11:18 of 1st period - Shot by Paul Byron.
11:18 of 1st period - Goal by Paul Byron - Sabres : 1 - Jets : 1.
11:19 of 1st period - Boyd Gordon wins face-off versus Paul Gaustad in neutral zone.
11:19 of 1st period - Jonathan Ericsson is hit by Paul Gaustad and loses puck.
11:49 of 1st period - Minor Penalty to Radko Gudas for Hooking.
11:50 of 1st period - Tomas Plekanec wins face-off versus Kyle Turris in Jets zone.
11:50 of 1st period - Tomas Plekanec is hit by Kyle Turris.
13:38 of 1st period - Shot by Oliver Ekman-Larsson.
13:38 of 1st period - Shot Misses the Net.
13:40 of 1st period - Shot by Oliver Ekman-Larsson.
13:40 of 1st period - Stopped by Cory Schneider with a rebound.
13:49 of 1st period - Shot by Jordan Staal.
13:49 of 1st period - Goal by Jordan Staal - Sabres : 2 - Jets : 1.
13:50 of 1st period - Jonathan Huberdeau wins face-off versus Joe Pavelski in neutral zone.
14:26 of 1st period - Icing by Christian Ehrhoff.
14:27 of 1st period - Joe Pavelski wins face-off versus Paul Gaustad in Jets zone.
14:48 of 1st period - Corey Perry is hit by Paul Gaustad and loses puck.
15:04 of 1st period - Icing by Christian Ehrhoff.
15:05 of 1st period - Kyle Turris wins face-off versus Joe Pavelski in Jets zone.
15:26 of 1st period - Minor Penalty to Chris Kunitz for High sticking.
15:27 of 1st period - Tomas Plekanec wins face-off versus Jordan Staal in Jets zone.
15:27 of 1st period - Tomas Plekanec is hit by Nino Niederreiter.
15:55 of 1st period - Shot by Brayden Schenn.
15:55 of 1st period - Shot Misses the Net.
15:57 of 1st period - Shot by Oliver Ekman-Larsson.
15:57 of 1st period - Stopped by Cory Schneider without a rebound.
15:58 of 1st period - Jason Pominville wins face-off versus Tomas Plekanec in Jets zone.
16:43 of 1st period - Shot by Braydon Coburn.
16:43 of 1st period - Shot Misses the Net.
17:20 of 1st period - Shot by Oliver Ekman-Larsson.
17:20 of 1st period - Shot Blocked by Jonathan Ericsson.
17:22 of 1st period - Shot by Francois Beauchemin.
17:22 of 1st period - Goal by Francois Beauchemin - Sabres : 3 - Jets : 1.
17:22 of 1st period - Tim Thomas enters game.
17:23 of 1st period - Joe Pavelski wins face-off versus Jonathan Huberdeau in neutral zone.
17:23 of 1st period - Joe Pavelski is hit by Daniel Winnik.
18:01 of 1st period - Alexander Edler is hit by Daniel Winnik and loses puck.
18:02 of 1st period - Alexander Edler from Jets is injured at 18:02 of 1st period (Sore Right Knee).
18:03 of 1st period - Kyle Turris wins face-off versus Jamie Benn in Jets zone.
18:09 of 1st period - Kyle Turris is hit by Connor Murphy and loses puck.
18:15 of 1st period - Jason Pominville is hit by Connor Murphy and loses puck.
18:18 of 1st period - Shot by Kyle Turris.
18:18 of 1st period - Shot Blocked by Connor Murphy.
19:22 of 1st period - Shot by Brayden Schenn.
19:22 of 1st period - Shot Misses the Net.
19:24 of 1st period - Shot by Brad Boyes.
19:24 of 1st period - Stopped by Tim Thomas with a rebound.
19:28 of 1st period - Shot by Brayden Schenn.
19:28 of 1st period - Stopped by Tim Thomas without a rebound.
19:29 of 1st period - Joe Pavelski wins face-off versus Paul Gaustad in Jets zone.
19:35 of 1st period - Joe Pavelski is hit by Grant Clitsome and loses puck.
Goals for this period are 3 for Sabres vs 1 for Jets.
Shots for this period are 9 for Sabres vs 7 for Jets.

2nd period


0:01 of 2nd period - Jordan Staal wins face-off versus Joe Pavelski in neutral zone.
0:01 of 2nd period - Francois Beauchemin is hit by Anders Lee and loses puck.
0:05 of 2nd period - Off-side.
0:06 of 2nd period - Joe Pavelski wins face-off versus Kyle Turris in neutral zone.
0:09 of 2nd period - Francois Beauchemin is hit by Anders Lee and loses puck.
0:22 of 2nd period - Shot by Anders Lee.
0:22 of 2nd period - Shot Misses the Net.
0:24 of 2nd period - Shot by Joe Pavelski.
0:24 of 2nd period - Shot Misses the Net.
0:26 of 2nd period - Shot by Joe Pavelski.
0:26 of 2nd period - Shot Misses the Net.
0:28 of 2nd period - Shot by Joe Pavelski.
0:28 of 2nd period - Stopped by Ondrej Pavelec without a rebound.
0:29 of 2nd period - Jordan Staal wins face-off versus Tomas Plekanec in Sabres zone.
0:35 of 2nd period - Brayden Schenn is hit by Jonathan Ericsson and loses puck.
0:38 of 2nd period - Shot by Brayden Schenn.
0:38 of 2nd period - Stopped by Tim Thomas without a rebound.
0:39 of 2nd period - Kyle Turris wins face-off versus Joe Pavelski in Jets zone.
1:00 of 2nd period - Shot by Corey Perry.
1:00 of 2nd period - Shot Blocked by Francois Beauchemin.
1:04 of 2nd period - Shot by Joe Pavelski.
1:04 of 2nd period - Shot Blocked by Oliver Ekman-Larsson.
1:06 of 2nd period - Shot by Joe Pavelski.
1:06 of 2nd period - Shot Misses the Net.
2:17 of 2nd period - Shot by Tomas Plekanec.
2:17 of 2nd period - Shot Misses the Net.
2:33 of 2nd period - Josh Gorges is hit by Chris Kunitz and loses puck.
2:49 of 2nd period - Jamie Benn is hit by Josh Gorges.
3:06 of 2nd period - Chris Kunitz is hit by Grant Clitsome and loses puck.
3:24 of 2nd period - Paul Byron is hit by Connor Murphy and loses puck.
4:15 of 2nd period - Shot by Josh Bailey.
4:15 of 2nd period - Stopped by Ondrej Pavelec without a rebound.
4:16 of 2nd period - Kyle Turris wins face-off versus Tomas Plekanec in Sabres zone.
5:19 of 2nd period - Josh Gorges is hit by Jamie Benn.
5:27 of 2nd period - Shot by Brad Boyes.
5:27 of 2nd period - Stopped by Tim Thomas without a rebound.
5:28 of 2nd period - Jonathan Huberdeau wins face-off versus Joe Pavelski in Jets zone.
5:49 of 2nd period - Shot by Kris Versteeg.
5:49 of 2nd period - Shot Misses the Net.
5:55 of 2nd period - Shot by Josh Gorges.
5:55 of 2nd period - Shot Misses the Net.
6:58 of 2nd period - Corey Perry is hit by Jordan Staal and loses puck.
7:29 of 2nd period - Kyle Turris is hit by Jamie Benn and loses puck.
7:34 of 2nd period - Shot by Nick Bonino.
7:34 of 2nd period - Stopped by Ondrej Pavelec with a rebound.
7:46 of 2nd period - Thomas Vanek is hit by Jamie Benn.
8:22 of 2nd period - Shot by Tomas Plekanec.
8:22 of 2nd period - Shot Blocked by Johnny Oduya.
8:59 of 2nd period - Icing by Kimmo Timonen.
9:00 of 2nd period - Jordan Staal wins face-off versus Boyd Gordon in Jets zone.
9:14 of 2nd period - Oliver Ekman-Larsson is hit by Connor Murphy and loses puck.
9:33 of 2nd period - Icing by Francois Beauchemin.
9:34 of 2nd period - Jordan Staal wins face-off versus Tomas Plekanec in Sabres zone.
9:51 of 2nd period - Shot by Jordan Staal.
9:51 of 2nd period - Shot Misses the Net.
9:57 of 2nd period - Shot by Brayden Schenn.
9:57 of 2nd period - Stopped by Tim Thomas without a rebound.
9:58 of 2nd period - Joe Pavelski wins face-off versus Paul Gaustad in Jets zone.
10:02 of 2nd period - Christian Ehrhoff is hit by Braydon Coburn and loses puck.
10:11 of 2nd period - Shot by Paul Byron.
10:11 of 2nd period - Stopped by Tim Thomas with a rebound.
10:13 of 2nd period - Shot by Braydon Coburn.
10:13 of 2nd period - Shot Misses the Net.
10:28 of 2nd period - Paul Byron is hit by Radko Gudas and loses puck.
10:51 of 2nd period - Oliver Ekman-Larsson is hit by Anders Lee and loses puck.
11:02 of 2nd period - Jamie Benn is hit by Jonathan Huberdeau and loses puck.
11:37 of 2nd period - Shot by Jamie Benn.
11:37 of 2nd period - Shot Blocked by Oliver Ekman-Larsson.
11:41 of 2nd period - Shot by Chris Kunitz.
11:41 of 2nd period - Shot Misses the Net.
11:48 of 2nd period - Icing by Francois Beauchemin.
11:49 of 2nd period - Josh Bailey wins face-off versus Jonathan Huberdeau in Sabres zone.
11:59 of 2nd period - Oliver Ekman-Larsson is hit by Brett Bellemore and loses puck.
12:15 of 2nd period - Shot by Josh Bailey.
12:15 of 2nd period - Shot Misses the Net.
12:17 of 2nd period - Shot by Carl Hagelin.
12:17 of 2nd period - Deflect By Tomas Plekanec.
12:17 of 2nd period - Stopped by Ondrej Pavelec without a rebound.
12:18 of 2nd period - Kyle Turris wins face-off versus Joe Pavelski in Sabres zone.
12:18 of 2nd period - Thomas Vanek is hit by Anders Lee and loses puck.
12:37 of 2nd period - Shot by Corey Perry.
12:37 of 2nd period - Deflect By Anders Lee.
12:37 of 2nd period - Stopped by Ondrej Pavelec with a rebound.
13:42 of 2nd period - Icing by Grant Clitsome.
13:43 of 2nd period - Jordan Staal wins face-off versus Boyd Gordon in Sabres zone.
13:52 of 2nd period - Pascal Dupuis is hit by Grant Clitsome and loses puck.
14:40 of 2nd period - Shot by Jamie Benn.
14:40 of 2nd period - Stopped by Ondrej Pavelec with a rebound.
15:03 of 2nd period - Icing by Oliver Ekman-Larsson.
15:04 of 2nd period - Paul Gaustad wins face-off versus Joe Pavelski in Sabres zone.
15:17 of 2nd period - Shot by Paul Byron.
15:17 of 2nd period - Stopped by Tim Thomas with a rebound.
16:23 of 2nd period - Minor Penalty to Josh Gorges for Interference.
16:24 of 2nd period - Paul Gaustad wins face-off versus Jamie Benn in Sabres zone.
16:58 of 2nd period - Icing by Chris Kunitz.
16:59 of 2nd period - Chris Kunitz wins face-off versus Paul Gaustad in Jets zone.
16:59 of 2nd period - Chris Kunitz is hit by Paul Gaustad.
17:28 of 2nd period - Brad Boyes is hit by Jamie Benn and loses puck.
17:41 of 2nd period - Shot by Joe Pavelski.
17:41 of 2nd period - Shot Misses the Net.
17:47 of 2nd period - Shot by Joe Pavelski.
17:47 of 2nd period - Stopped by Ondrej Pavelec without a rebound.
17:48 of 2nd period - Joe Pavelski wins face-off versus Jordan Staal in Sabres zone.
18:17 of 2nd period - Shot by Joe Pavelski.
18:17 of 2nd period - Deflect By Anders Lee.
18:17 of 2nd period - Stopped by Ondrej Pavelec without a rebound.
18:18 of 2nd period - Joe Pavelski wins face-off versus Paul Gaustad in Sabres zone.
18:19 of 2nd period - Shot by Christian Ehrhoff.
18:19 of 2nd period - Shot Misses the Net.
18:37 of 2nd period - Shot by Carl Hagelin.
18:37 of 2nd period - Shot Blocked by Josh Gorges.
18:40 of 2nd period - Icing by Josh Gorges.
18:41 of 2nd period - Jamie Benn wins face-off versus Kyle Turris in Sabres zone.
19:09 of 2nd period - Icing by Braydon Coburn.
19:10 of 2nd period - Kyle Turris wins face-off versus Joe Pavelski in Sabres zone.
19:31 of 2nd period - Shot by Joe Pavelski.
19:31 of 2nd period - Shot Misses the Net.
19:34 of 2nd period - Icing by Braydon Coburn.
19:35 of 2nd period - Tomas Plekanec wins face-off versus Kyle Turris in Sabres zone.
Goals for this period are 0 for Sabres vs 0 for Jets.
Shots for this period are 5 for Sabres vs 8 for Jets.

3rd period


0:01 of 3rd period - Joe Pavelski wins face-off versus Jordan Staal in neutral zone.
0:11 of 3rd period - Icing by Jordan Staal.
0:12 of 3rd period - Jordan Staal wins face-off versus Jamie Benn in Sabres zone.
0:41 of 3rd period - Shot by Jamie Benn.
0:41 of 3rd period - Stopped by Ondrej Pavelec without a rebound.
0:42 of 3rd period - Kyle Turris wins face-off versus Joe Pavelski in Sabres zone.
0:54 of 3rd period - Off-side.
0:55 of 3rd period - Paul Gaustad wins face-off versus Carl Hagelin in neutral zone.
0:57 of 3rd period - Oliver Ekman-Larsson is hit by Jonathan Ericsson and loses puck.
1:13 of 3rd period - Paul Gaustad is hit by Jonathan Ericsson.
1:27 of 3rd period - Shot by Josh Bailey.
1:27 of 3rd period - Stopped by Ondrej Pavelec with a rebound.
1:34 of 3rd period - Francois Beauchemin is hit by Jonathan Ericsson and loses puck.
2:03 of 3rd period - Shot by Kyle Turris.
2:03 of 3rd period - Deflect By Thomas Vanek.
2:03 of 3rd period - Stopped by Tim Thomas without a rebound.
2:04 of 3rd period - Jordan Staal wins face-off versus Joe Pavelski in Jets zone.
2:09 of 3rd period - Shot by Brayden Schenn.
2:09 of 3rd period - Stopped by Tim Thomas without a rebound.
2:10 of 3rd period - Kyle Turris wins face-off versus Joe Pavelski in Jets zone.
2:11 of 3rd period - Shot by Jason Pominville.
2:11 of 3rd period - Shot Misses the Net.
2:30 of 3rd period - Icing by Josh Gorges.
2:31 of 3rd period - Kyle Turris wins face-off versus Jamie Benn in Sabres zone.
2:31 of 3rd period - Kyle Turris is hit by Jamie Benn.
3:01 of 3rd period - Shot by Thomas Vanek.
3:01 of 3rd period - Stopped by Tim Thomas with a rebound.
3:08 of 3rd period - Thomas Vanek is hit by Connor Murphy and loses puck.
3:29 of 3rd period - Jonathan Ericsson is hit by Brayden Schenn and loses puck.
3:34 of 3rd period - Shot by Oliver Ekman-Larsson.
3:34 of 3rd period - Shot Misses the Net.
4:44 of 3rd period - Shot by Pascal Dupuis.
4:44 of 3rd period - Stopped by Ondrej Pavelec with a rebound.
4:46 of 3rd period - Shot by Boyd Gordon.
4:46 of 3rd period - Shot Misses the Net.
4:48 of 3rd period - Shot by Boyd Gordon.
4:48 of 3rd period - Stopped by Ondrej Pavelec with a rebound.
4:50 of 3rd period - Shot by Boyd Gordon.
4:50 of 3rd period - Stopped by Ondrej Pavelec with a rebound.
4:52 of 3rd period - Shot by Brett Bellemore.
4:52 of 3rd period - Shot Misses the Net.
4:54 of 3rd period - Shot by Radko Gudas.
4:54 of 3rd period - Stopped by Ondrej Pavelec without a rebound.
4:55 of 3rd period - Kyle Turris wins face-off versus Jamie Benn in Sabres zone.
4:55 of 3rd period - Kyle Turris is hit by Chris Kunitz.
5:20 of 3rd period - Minor Penalty to Kyle Turris for Roughing.
5:21 of 3rd period - Joe Pavelski wins face-off versus Paul Gaustad in Sabres zone.
5:46 of 3rd period - Shot by Kimmo Timonen.
5:46 of 3rd period - Stopped by Ondrej Pavelec without a rebound.
5:47 of 3rd period - Jamie Benn wins face-off versus Paul Gaustad in Sabres zone.
5:54 of 3rd period - Shot by Jamie Benn.
5:54 of 3rd period - Stopped by Ondrej Pavelec without a rebound.
5:55 of 3rd period - Paul Gaustad wins face-off versus Joe Pavelski in Sabres zone.
6:08 of 3rd period - Icing by Connor Murphy.
6:09 of 3rd period - Paul Gaustad wins face-off versus Joe Pavelski in Jets zone.
6:38 of 3rd period - Shot by Anders Lee.
6:38 of 3rd period - Stopped by Ondrej Pavelec without a rebound.
6:39 of 3rd period - Jamie Benn wins face-off versus Kris Versteeg in Sabres zone.
6:52 of 3rd period - Shot by Jamie Benn.
6:52 of 3rd period - Stopped by Ondrej Pavelec without a rebound.
6:53 of 3rd period - Paul Gaustad wins face-off versus Jamie Benn in Sabres zone.
7:36 of 3rd period - Shot by Thomas Vanek.
7:36 of 3rd period - Stopped by Tim Thomas with a rebound.
7:50 of 3rd period - Shot by Kimmo Timonen.
7:50 of 3rd period - Shot Misses the Net.
7:54 of 3rd period - Shot by Joe Pavelski.
7:54 of 3rd period - Deflect By Anders Lee.
7:54 of 3rd period - Shot Misses the Net.
7:56 of 3rd period - Shot by Kimmo Timonen.
7:56 of 3rd period - Shot Blocked by Oliver Ekman-Larsson.
8:12 of 3rd period - Icing by Connor Murphy.
8:13 of 3rd period - Joe Pavelski wins face-off versus Jordan Staal in Jets zone.
9:34 of 3rd period - Shot by Carl Hagelin.
9:34 of 3rd period - Shot Misses the Net.
9:36 of 3rd period - Shot by Christian Ehrhoff.
9:36 of 3rd period - Stopped by Ondrej Pavelec with a rebound.
9:38 of 3rd period - Shot by Carl Hagelin.
9:38 of 3rd period - Stopped by Ondrej Pavelec without a rebound.
9:39 of 3rd period - Kyle Turris wins face-off versus Joe Pavelski in Sabres zone.
9:39 of 3rd period - Kyle Turris is hit by Anders Lee.
9:53 of 3rd period - Minor Penalty to Kyle Turris for Holding.
9:54 of 3rd period - Joe Pavelski wins face-off versus Paul Gaustad in Sabres zone.
10:24 of 3rd period - Shot by Jonathan Ericsson.
10:24 of 3rd period - Stopped by Ondrej Pavelec with a rebound.
12:03 of 3rd period - Shot by Kyle Turris.
12:03 of 3rd period - Stopped by Tim Thomas without a rebound.
12:04 of 3rd period - Boyd Gordon wins face-off versus Kyle Turris in Jets zone.
12:06 of 3rd period - Icing by Radko Gudas.
12:07 of 3rd period - Boyd Gordon wins face-off versus Kyle Turris in Jets zone.
12:44 of 3rd period - Shot by Thomas Vanek.
12:44 of 3rd period - Stopped by Tim Thomas with a rebound.
12:46 of 3rd period - Shot by Thomas Vanek.
12:46 of 3rd period - Deflect By Jason Pominville.
12:46 of 3rd period - Stopped by Tim Thomas without a rebound.
12:47 of 3rd period - Joe Pavelski wins face-off versus Brad Boyes in Jets zone.
13:11 of 3rd period - Icing by Brett Bellemore.
13:12 of 3rd period - Paul Gaustad wins face-off versus Joe Pavelski in Jets zone.
13:28 of 3rd period - Icing by Paul Gaustad.
13:29 of 3rd period - Paul Gaustad wins face-off versus Chris Kunitz in Sabres zone.
14:12 of 3rd period - Shot by Chris Kunitz.
14:12 of 3rd period - Deflect By Jamie Benn.
14:12 of 3rd period - Stopped by Ondrej Pavelec without a rebound.
14:13 of 3rd period - Joe Pavelski wins face-off versus Kyle Turris in Sabres zone.
14:18 of 3rd period - Shot by Joe Pavelski.
14:18 of 3rd period - Shot Misses the Net.
14:20 of 3rd period - Shot by Joe Pavelski.
14:20 of 3rd period - Shot Misses the Net.
14:29 of 3rd period - Corey Perry is hit by Francois Beauchemin and loses puck.
14:45 of 3rd period - Corey Perry is hit by Oliver Ekman-Larsson and loses puck.
14:48 of 3rd period - Shot by Joe Pavelski.
14:48 of 3rd period - Stopped by Ondrej Pavelec without a rebound.
14:49 of 3rd period - Tomas Plekanec wins face-off versus Jordan Staal in Sabres zone.
15:06 of 3rd period - Johnny Oduya is hit by Tomas Plekanec and loses puck.
15:10 of 3rd period - Icing by Johnny Oduya.
15:11 of 3rd period - Jordan Staal wins face-off versus Jamie Benn in Sabres zone.
15:45 of 3rd period - Shot by Nick Bonino.
15:45 of 3rd period - Stopped by Ondrej Pavelec without a rebound.
15:46 of 3rd period - Kyle Turris wins face-off versus Joe Pavelski in Sabres zone.
16:05 of 3rd period - Shot by Anders Lee.
16:05 of 3rd period - Stopped by Ondrej Pavelec without a rebound.
16:06 of 3rd period - Tomas Plekanec wins face-off versus Paul Gaustad in Sabres zone.
16:06 of 3rd period - Christian Ehrhoff is hit by Josh Gorges.
16:13 of 3rd period - Minor Penalty to Tomas Plekanec for High sticking.
16:14 of 3rd period - Thomas Vanek wins face-off versus Jamie Benn in Jets zone.
16:34 of 3rd period - Shot by Thomas Vanek.
16:34 of 3rd period - Stopped by Tim Thomas without a rebound.
16:35 of 3rd period - Jordan Staal wins face-off versus Jamie Benn in Jets zone.
16:36 of 3rd period - Shot by Braydon Coburn.
16:36 of 3rd period - Stopped by Tim Thomas without a rebound.
16:37 of 3rd period - Jamie Benn wins face-off versus Jason Pominville in Jets zone.
16:37 of 3rd period - Jamie Benn is hit by Thomas Vanek.
17:15 of 3rd period - Shot by Jason Pominville.
17:15 of 3rd period - Shot Misses the Net.
17:24 of 3rd period - Jason Pominville is hit by Jamie Benn and loses puck.
18:29 of 3rd period - Shot by Tomas Plekanec.
18:29 of 3rd period - Shot Blocked by Jonathan Huberdeau.
19:13 of 3rd period - Shot by Jamie Benn.
19:13 of 3rd period - Shot Misses the Net.
19:55 of 3rd period - Icing by Braydon Coburn.
19:56 of 3rd period - Jordan Staal wins face-off versus Joe Pavelski in Sabres zone.
19:56 of 3rd period - Jordan Staal is hit by Anders Lee.
Goals for this period are 0 for Sabres vs 0 for Jets.
Shots for this period are 9 for Sabres vs 17 for Jets.


Output by the SimonT Hockey Simulator (STHS) for Stephane Roy -- Original Page W3C XHTML 1.0 Valid
Hockey Simulator - Hockey Simulation - Hockey Manager